 Dungeon Crawl Stone Soup version 0.29.1-1-gd02db6906a (webtiles) character file.

Game seed: 15854069956315151769

77 LustLizard the Slasher (level 4, 0/34 HPs)
             Began as a Human Gladiator on Oct 21, 2022.
             Succumbed to an orc's poison
             ... on level 2 of the Dungeon.
             The game lasted 00:02:39 (1669 turns).

LustLizard the Slasher (Human Gladiator)            Turns: 1669, Time: 00:02:40

Health: 0/34       AC: 11    Str: 14    XL:     4   Next: 60%
Magic:  4/4        EV:  7    Int:  8    God:
Gold:   130        SH:  0    Dex: 17    Spells: 3/3 levels left

rFire   . . .      SeeInvis .   a - +0 long sword
rCold   . . .      Faith    .   (no shield)
rNeg    . . .      Spirit   .   f - +0 chain mail
rPois   .          Reflect  .   c - +0 helmet
rElec   .          Harm     .   n - +1 cloak
rCorr   .          Rampage  .   (no gloves)
Will    .....                   (no boots)
Stlth   ..........              (no amulet)
HPRegen 0.11/turn               (no ring)
MPRegen 0.09/turn               (no ring)

@: lethally poisoned (0 -> -4), about to teleport
A: no striking features
a: no special abilities


You were on level 2 of the Dungeon.
You visited 1 branch of the dungeon, and saw 2 of its levels.

You collected 130 gold pieces.

Inventory:

Hand Weapons
 a - a +0 long sword (weapon)
Missiles
 d - 3 throwing nets
 e - a javelin
 g - 35 stones (quivered)
 l - 11 poisoned darts
Armour
 b - a +0 leather armour
 c - a +0 helmet (worn)
 f - a +0 chain mail (worn)
 n - a +1 cloak (worn)
Scrolls
 h - a scroll of teleportation
 j - a scroll of silence {unknown}
 o - a scroll of magic mapping
Potions
 k - a potion of cancellation
 p - 2 potions of berserk rage
 q - a potion of magic


   Skills:
 + Level 2.6 Fighting
 * Level 3.9 Long Blades
 * Level 3.1 Throwing
 - Level 3.0 Dodging


You had 3 spell levels left.
You didn't know any spells.
Your spell library contained the following spells:

 Spells                   Type           Power      Damage    Failure   Level
 Ensorcelled Hibernation  Hex/Ice        0%         N/A       100%        2
 Passwall                 Tmut/Erth      0%         N/A       100%        2
 Swiftness                Air            0%         N/A       100%        3


Dungeon Overview and Level Annotations

Branches:
Dungeon (2/15)

Altars:


Message History

You hit the orc.
The orc is moderately wounded.
You feel very sick.
The orc hits you with a +2 flail of venom.
You are lethally poisoned!
You hit the orc.
You kill the orc!
You feel very sick.
You closely miss the orc.
* * * LOW HITPOINT WARNING * * *
You feel very sick. The orc hits you but does no damage.
Okay, then.
You hit the orc.
The orc is severely wounded.
* * * LOW HITPOINT WARNING * * *
You feel very sick. The orc hits you but does no damage.
The orc closely misses you.
You hit the orc.
The orc is almost dead.
* * * LOW HITPOINT WARNING * * *
You feel sick. The orc hits you but does no damage.
You hit the orc.
You kill the orc!
* * * LOW HITPOINT WARNING * * *
You feel sick.
As you read the scroll of identify, it crumbles to dust.
o - a scroll of magic mapping
* * * LOW HITPOINT WARNING * * *
You feel sick.
Drinking this now will have no effect.
Okay, then.
As you read the scroll labelled ITZANOQ IP ROGOYD, it crumbles to dust.
It is a scroll of enchant armour.
Your +0 cloak glows green for a moment.
* * * LOW HITPOINT WARNING * * *
You feel sick.
As you read the scroll labelled BAAHAINIRCHI, it crumbles to dust.
You feel strangely unstable.
It was a scroll of teleportation.
You die...

#.............)......
#...###.†......######
#...# ##.........#
##.## #..####......
########.# #.##
##.####> #........###
#.# ..# ...........#
#.# #.# ########.#)#
#.# .. #.g#@# #.# #..
og.##.# #.# .. .8g.#
..# #.. #.. #(.g#
#... ..# #. $.o.?
#... ### #... #...#
#). #..# #?..# ...
##..# .


There were no monsters in sight!

Vanquished Creatures
  An adder (D:2)
  A worm (D:2)
  2 dart slugs
  3 orcs (D:2)
  5 ball pythons
  2 bats (D:1)
  2 endoplasms
  2 giant cockroaches
  4 goblins
  10 hobgoblins
  3 jackals (D:1)
  5 quokkas
  A frilled lizard (D:1)
  4 kobolds
  6 rats
51 creatures vanquished.

Notes
Turn   | Place    | Note
-------+----------+-------------------------------------------
     0 | D:1      | LustLizard the Human Gladiator began the quest for the Orb.
     0 | D:1      | Reached XP level 1. HP: 16/16 MP: 1/1
   167 | D:1      | Reached XP level 2. HP: 22/22 MP: 2/2
   388 | D:1      | Reached XP level 3. HP: 21/27 MP: 3/3
  1423 | D:2      | Reached XP level 4. HP: 33/34 MP: 4/4
  1668 | D:2      | HP: 1/34 [poisoned by an orc]
  1669 | D:2      | Succumbed to an orc's poison

Illustrated notes

Levels and vault maps discovered:
D:1:      psy_arrival_statuary, layout_loops_ring
D:2:      layout_rooms, serial_glass, glass_columns_a, glass_columns_b,
          shapermc_ecumenical_altar_venn, guppyfry_early_orc_mine

Skill      XL: |  1  2  3  4 |
---------------+-------------+-----
Throwing       | 3 |  3.1
Fighting       | |  2.6
Long Blades    | |  3.9
Dodging        | |  3.0

Action                   |  1- 3 |  4- 6 || total
-------------------------+-------+-------++-------
Melee: Long sword        |   114 |    45 ||   159
       Punch             |     3 |       ||     3
Throw: Stone             |       |     3 ||     3
  Use: Scroll            |     3 |     3 ||     6
Armor: Chain mail        |    65 |    27 ||    92
Dodge: Dodged            |    43 |    17 ||    60
